 Dungeon Crawl Stone Soup version 0.20.1-1-g8b1a95d (webtiles) character file.

812 RicketyTrickster the Cutter (level 8, 0/49 HPs)
             Began as a Kobold Berserker on July 4, 2017.
             Was a Priest of Trog.
             Slain by a gnoll
             ... wielding a +0 flail
              (6 damage)
             ... on level 6 of the Dungeon.
             The game lasted 00:20:50 (4019 turns).

RicketyTrickster the Cutter (Kobold Berserker)      Turns: 4019, Time: 00:20:51

Health: 0/49       AC:  8    Str: 16    XL:     8   Next: 15%
Magic:  8/8        EV: 17    Int:  9    God:    Trog [***...]
Gold:   236        SH:  0    Dex: 14    Spells: 7/7 levels left

rFire    . . .     SeeInvis .   l - +0 dagger (venom)
rCold    . . .     Gourm    .   (shield restricted)
rNeg     . . .     Faith    .   e - +1 leather armour
rPois    .         Spirit   .   n - +0 helmet
rElec    .         Reflect  .   (no cloak)
rCorr    .         Harm     .   k - +2 pair of gloves
MR       ++...     Rnd*Tele +   (no boots)
Stlth    ++........             (no amulet)
Regen    1.2/turn               q - ring of teleportation (curse)
MPRegen  0.2/turn               s - ring of wizardry

@: berserk cooldown, flying, regenerating
A: carnivore 3
a: Berserk, Trog's Hand, Burn Spellbooks, Renounce Religion


You were on level 6 of the Dungeon.
You worshipped Trog.
Trog was most pleased with you.
You were very full.

You visited 1 branch of the dungeon, and saw 6 of its levels.

You collected 236 gold pieces.

Inventory:

Hand Weapons
 l - a +0 dagger of venom (weapon)
 v - a +0 dagger of distortion
Armour
 e - a +1 leather armour (worn)
 k - a +2 pair of gloves (worn)
 n - a +0 helmet (worn)
Jewellery
 q - a cursed ring of teleportation (left hand)
 s - a ring of wizardry (right hand)
Wands
 a - a wand of disintegration (16/24)
 t - a wand of flame (24/48)
Scrolls
 d - a scroll of remove curse
 m - a scroll of identify
 u - a scroll of amnesia
Potions
 b - a potion of cancellation
 h - a potion of flight
 i - 3 potions of curing
 j - 2 potions of resistance {unknown}
 o - a potion of heal wounds
 p - a potion of degeneration {unknown}
 w - a potion of lignification
 x - a potion of haste {unknown}
Comestibles
 c - 3 meat rations
 f - 2 bread rations
 g - 2 royal jellies
 r - 4 fruits
 z - 2 chunks of flesh


   Skills:
 * Level 5.3 Fighting
 * Level 6.5 Short Blades
 * Level 3.7 Armour
 * Level 5.5 Dodging
 + Level 3.8 Stealth


You had 7 spell levels left.
You didn't know any spells.

Dungeon Overview and Level Annotations

Branches:
Dungeon (6/15)
 Temple: D:4-7

Altars:
Ashenzari
Makhleb
Qazlal
Xom
Zin


Innate Abilities, Weirdness & Mutations

You are small and have problems with some larger weapons.
You are carnivorous and can eat meat at any time.


Message History

The centaur skeleton barely misses you.
You hit the centaur skeleton.
The centaur skeleton is severely damaged.
The gnoll misses you.
You hit the centaur skeleton.
The centaur skeleton is severely damaged.
The centaur skeleton closely misses you.
You hit the centaur skeleton.
The centaur skeleton is almost destroyed.
The centaur skeleton barely misses you. The gnoll completely misses you.
You hit the centaur skeleton but do no damage.
The centaur skeleton is almost destroyed.
You feel the effects of Trog's Hand fading.
The centaur skeleton hits you but does no damage.
You hit the centaur skeleton.
The centaur skeleton is almost destroyed.
The centaur skeleton hits you.
* * * LOW HITPOINT WARNING * * *
The gnoll hits you with a flail.
You die...

≈≈≈....)....#
≈≈≈.....)).)#
≈≈≈....)(...#
≈≈≈......(..#
≈≈.........(#
....#####...#
.... #...#
... #gZ.# ##
#.@.# #...#
#####


You could see a gnoll and a centaur skeleton.

Vanquished Creatures
  An orc warrior (D:6)
  A phantom (D:4)
  An ogre (D:5)
  A centaur (D:3)
  2 crimson imps (D:5)
  A centaur zombie (D:6)
  3 hounds
  2 iguanas (D:5)
  Jessica (D:2)
  Natasha (D:4)
  2 worker ants (D:4)
  A hound skeleton (D:5)
  Robin (D:2)
  2 gnolls (D:6)
  An adder (D:5)
  4 worms
  2 dart slugs (D:3)
  A leopard gecko (D:1)
  6 orcs
  4 ball pythons
  5 bats
  2 giant cockroaches
  10 goblins
  7 hobgoblins
  6 kobolds
  4 quokkas
  5 frilled lizards
  A quokka zombie (D:5)
  4 rats
82 creatures vanquished.

Vanquished Creatures (others)
  A hobgoblin (D:2)
1 creature vanquished.

Grand Total: 83 creatures vanquished

Notes
Turn   | Place    | Note
-------+----------+-------------------------------------------
     0 | D:1      | RicketyTrickster the Kobold Berserker began the quest for the Orb.
     0 | D:1      | Reached XP level 1. HP: 14/14 MP: 1/1
   249 | D:1      | Reached XP level 2. HP: 18/19 MP: 2/2
   436 | D:1      | Reached XP level 3. HP: 18/23 MP: 3/3
   770 | D:2      | Reached ** piety under Trog
   790 | D:2      | Reached skill level 1 in Stealth
   864 | D:2      | Noticed Jessica
   872 | D:2      | Killed Jessica
   872 | D:2      | Reached XP level 4. HP: 25/29 MP: 4/4
  1019 | D:2      | Noticed Robin
  1029 | D:2      | Killed Robin
  1116 | D:2      | Found a glowing silver altar of Zin.
  1355 | D:3      | Found a shattered altar of Ashenzari.
  1470 | D:3      | Noticed a centaur
  1482 | D:3      | Killed a centaur
  1482 | D:3      | Reached skill level 5 in Short Blades
  1482 | D:3      | Reached XP level 5. HP: 8/34 MP: 5/5
  1804 | D:3      | Found a stormy altar of Qazlal.
  2231 | D:4      | Found a burning altar of Makhleb.
  2241 | D:4      | Reached XP level 6. HP: 33/39 MP: 6/6
  2516 | D:4      | Noticed Natasha
  2529 | D:4      | Killed Natasha
  2668 | D:4      | Noticed a phantom
  2695 | D:4      | Killed a phantom
  2695 | D:4      | Reached XP level 7. HP: 34/44 MP: 7/7
  3109 | D:5      | Entered Level 5 of the Dungeon
  3267 | D:5      | Reached skill level 5 in Fighting
  3267 | D:5      | Reached skill level 5 in Dodging
  3546 | D:5      | Found a shimmering altar of Xom.
  3846 | D:5      | Reached *** piety under Trog
  3846 | D:5      | Reached skill level 6 in Short Blades
  3976 | D:6      | Reached XP level 8. HP: 49/49 MP: 8/8
  4007 | D:6      | HP: 1/49 [centaur skeleton (3)]
  4019 | D:6      | Slain by a gnoll

Skill      XL: |  1  2  3  4  5  6  7 |
---------------+----------------------+-----
Stealth        | 1 2 3 |  3.8
Dodging        | 3 4 5 |  5.5
Fighting       | 4 5 |  5.3
Short Blades   | 5 6 |  6.5
Armour         | 2 3 |  3.7

Action                   |  1- 3 |  4- 6 |  7- 9 || total
-------------------------+-------+-------+-------++-------
Melee: Short sword       |    61 |    16 |       ||    77
       Dagger            |       |   133 |   148 ||   281
Invok: Berserk           |       |     4 |     2 ||     6
       Trog's Hand       |       |       |     1 ||     1
Evoke: Wand              |       |       |     1 ||     1
  Use: Scroll            |     3 |     4 |     1 ||     8
       Potion            |     3 |       |     3 ||     6
 Stab: Sleeping          |       |     4 |     3 ||     7
  Eat: Chunk             |     6 |    11 |     6 ||    23
Armor: Robe              |     4 |       |       ||     4
       Leather armour    |       |    24 |    24 ||    48
Dodge: Dodged            |    40 |    99 |   117 ||   256
